 Dungeon Crawl Stone Soup version 0.28.0-45-g0d030f2227 (webtiles) character file.

Game seed: 6971040718006723275

438 KamiKatze the Conjurer (level 7, -1/41 HPs)
             Began as an Octopode Conjurer on Apr 13, 2022.
             Succumbed to an adder's poison
             ... on level 3 of the Dungeon.
             The game lasted 00:16:44 (3659 turns).

KamiKatze the Conjurer (Octopode Conjurer)          Turns: 3659, Time: 00:16:45

Health: -1/41      AC:  1    Str:  7    XL:     7   Next: 1%
Magic:  6/11       EV: 13    Int: 22    God:
Gold:   141        SH:  4    Dex: 16    Spells: 5/12 levels left

rFire   . . .      SeeInvis .   c - staff of conjuration
rCold   . . .      Faith    .   h - +0 buckler
rNeg    . . .      Spirit   .   (helmet restricted)
rPois   .          Reflect  .   (no amulet)
rElec   .          Harm     .   m - +6 ring of dexterity
rCorr   .          Rampage  .   (no ring)
Will    .....                   (no ring)
Stlth   ++++......              (no ring)
HPRegen 0.13/turn               (no ring)
MPRegen 0.12/turn               (no ring)
                                (no ring)
                                (no ring)

@: lethally poisoned (-1 -> -5), very slightly contaminated
A: almost no armour, amphibious, 8 rings, camouflage 1, gelatinous body 1,
(nimble swimmer 1), tentacles
a: no special abilities


You were on level 3 of the Dungeon.
You visited 1 branch of the dungeon, and saw 4 of its levels.

You collected 141 gold pieces.

Inventory:

Hand Weapons
 b - a +0 dagger
Missiles
 a - 6 curare-tipped darts (quivered)
 d - 2 poisoned darts
 e - 122 stones
Armour
 h - a +0 buckler (worn)
Magical Staves
 c - a staff of conjuration (weapon)
Jewellery
 m - a +6 ring of dexterity (left tentacle)
Scrolls
 g - a scroll of identify
Potions
 f - a potion of flight
 i - a potion of degeneration


   Skills:
 + Level 2.9 Dodging
 - Level 4.0 Stealth
 + Level 1.4 Shields
 * Level 3.3 Spellcasting
 * Level 5.0 Conjurations
 * Level 2.8 Hexes
 * Level 2.6 Translocations


You had 5 spell levels left.
You knew the following spells:

 Your Spells              Type           Power      Damage    Failure   Level
a - Magic Dart            Conj           100%       1d8       1%          1
b - Searing Ray           Conj           76%        2d7       3%          2
c - Fulminant Prism       Conj/Hex       15%        3d11      30%         4

Your spell library contained the following spells:

 Spells                   Type           Power      Damage    Failure   Level
 Static Discharge         Conj/Air       22%        N/A       9%          2
 Dazzling Flash           Conj/Hex       62%        N/A       10%         3
 Tukima's Dance           Hex            16%        N/A       16%         3
 Iskenderun's Mystic Bla  Conj/Tloc      30%        2d8       32%         4
 Passage of Golubria      Tloc           15%        N/A       47%         4
 Sticky Flame             Conj/Fire      22%        2d4       50%         4
 Dispel Undead            Necr           3%         3d7       85%         4
 Yara's Violent Unravell  Hex/Tmut       4%         3d4       94%         5


Dungeon Overview and Level Annotations

Branches:
Dungeon (4/15)
 Temple: D:4-7

Altars:
Cheibriados
Hepliaklqana
The Shining One

Shops:
D:3 (


Innate Abilities, Weirdness & Mutations

You cannot wear most types of armour.
You are amphibious.
You can wear up to eight rings at the same time.
Your skin changes colour to match your surroundings (Stealth+).
Your rubbery body absorbs attacks. (AC +1, EV +1)
((You are camouflaged when in or above water. (Stealth+)))
You have tentacles for arms and can constrict up to eight enemies at once.


Message History

* * * LOW HITPOINT WARNING * * *
The adder bites you.
* * * LOW HITPOINT WARNING * * *
The adder bites you.
* * * LOW HITPOINT WARNING * * *
The adder closely misses you. You block the adder's attack.
Casting: Searing Ray (safe; 3% risk of failure)
Confirm with . or Enter, or press ? or * to list all spells.
Aiming: Searing Ray (safe; 3% risk of failure)
Press: ? - help, Shift-Dir - straight line, f - adder
Aim: an adder (68% to hit)
You feel a surge of power!
The searing ray hits the adder!
The adder is severely wounded. (Press . to maintain the ray.)
The adder bites you.
* * * LOW HITPOINT WARNING * * *
The adder barely misses you.
The searing ray hits the adder!
You kill the adder!
The adder barely misses you.
You have reached level 7!
Casting: Searing Ray (safe; 3% risk of failure)
Confirm with . or Enter, or press ? or * to list all spells.
Aiming: Magic Dart (safe; 1% risk of failure)
Press: ? - help, Shift-Dir - straight line, f - adder
Aim: an adder (100% to hit)
You feel a surge of power!
You miscast Magic Dart.
You are very lightly contaminated with residual magic.
Nothing appears to happen.
The adder closely misses you.
Unknown command.
You closely miss the adder. You grab the adder. You constrict the adder.
The adder bites you.
* * * LOW HITPOINT WARNING * * *
You are lethally poisoned!
The adder poisons you! The adder bites you.
* * * LOW HITPOINT WARNING * * *
You hit the adder but do no damage. Your squeeze misses the adder.
You constrict the adder.
You die...

#
##...................#####...
# ##.........#####......#
##.# #
#.......8.##...##.8..## #.#
#........##....⌠##....# #.#
#.......##..._..###...# ###.#
##.....##......⌠#.##..# #...#
##....#.......##..#..# #.###
###..'...#####..>#..# #.#
#...#..##.@.....#..# #.#
#...##.#⌠..S...##..# #.###
#....###.._...##...# #....
##....##⌠....##....####..##
#...8)##...##.8...........
##.....#####......#######.
#................# #.
##...........##### #.
#..........## #.


You could see an adder.

Vanquished Creatures
  An ogre (D:4)
  A scorpion (D:3)
  2 hounds (D:4)
  A hound zombie (D:4)
  9 adders
  4 river rats (D:4)
  An ufetubus (D:4)
  2 worms
  10 dart slugs
  4 orcs (D:4)
  2 bats
  6 endoplasms
  4 giant cockroaches
  7 goblins
  3 hobgoblins
  A jackal (D:2)
  3 quokkas
  8 ball pythons
  2 frilled lizards
  6 kobolds
  4 rats
81 creatures vanquished.

Notes
Turn   | Place    | Note
-------+----------+-------------------------------------------
     0 | D:1      | KamiKatze the Octopode Conjurer began the quest for the
                  | Orb.
     0 | D:1      | Reached XP level 1. HP: 11/11 MP: 3/3
   298 | D:1      | Reached XP level 2. HP: 17/17 MP: 1/5
   354 | D:1      | Learned a level 2 spell: Searing Ray
   762 | D:1      | Reached XP level 3. HP: 18/21 MP: 4/6
   852 | D:1      | Reached skill level 1 in Hexes
  1161 | D:2      | Reached skill level 1 in Translocations
  1371 | D:2      | Found a faded altar of an unknown god.
  1765 | D:2      | Reached XP level 4. HP: 22/27 MP: 0/7
  1820 | D:2      | Learned a level 4 spell: Fulminant Prism
  2051 | D:3      | Found a snail-covered altar of Cheibriados.
  2271 | D:3      | Found a faded altar of an unknown god.
  2276 | D:3      | Found a glowing golden altar of the Shining One.
  2346 | D:3      | Found Fuiqaegh's Antique Weapon Shoppe.
  2347 | D:3      | Noticed a scorpion
  2369 | D:3      | Killed a scorpion
  2370 | D:3      | Reached XP level 5. HP: 31/31 MP: 7/9
  2971 | D:4      | Reached skill level 1 in Shields
  2971 | D:4      | Reached XP level 6. HP: 35/36 MP: 0/10
  3275 | D:4      | Found a hazy altar of Hepliaklqana.
  3564 | D:4      | Reached skill level 5 in Conjurations
  3657 | D:3      | Reached XP level 7. HP: 8/41 MP: 7/11
  3658 | D:3      | HP: 1/41 [adder (3)]
  3659 | D:3      | Succumbed to an adder's poison

Illustrated notes

Levels and vault maps discovered:
D:1:      ebering_trefoil_twist, layout_basic, minmay_stone_trees_small
D:2:      minmay_chambers_of_twos, layout_rooms, serial_aquarium,
          aquarium_bridge_straight [aquarium_subvault_bridge,
          aquarium_subvault_balcony, aquarium_subvault_bridge,
          aquarium_subvault_window], aquarium_bridge_straight
          [aquarium_subvault_bridge, aquarium_subvault_wall,
          aquarium_subvault_bridge, aquarium_subvault_window],
          aquarium_window_fake, aquarium_window_3, aquarium_window_fake,
          aquarium_window_fake, aquarium_view_2b, ebering_ecumenical_altar_ruins
D:3:      layout_loops_ring, mainiacjoe_overflow_catwalk,
          nicolae_overflow_ecumenical_swirl, serial_shops, nicolae_diamond_shop
D:4:      kennysheep_slugbush, layout_basic, lemuel_coloured_pillars_altar,
          lightli_sewer_entry_pipes, kennysheep_another_room

Skill      XL: |  1  2  3  4  5  6 |
---------------+-------------------+-----
Hexes          | 1 2 |  2.8
Stealth        | 3 4 |  4.0
Translocations | 1 2 |  2.6
Shields        | 1 |  1.4
Spellcasting   | 3 |  3.3
Conjurations   | 5 |  5.0
Dodging        | |  2.9

Action                   |  1- 3 |  4- 6 |  7- 9 || total
-------------------------+-------+-------+-------++-------
Melee: Dagger            |    11 |       |       ||    11
       Tentacles         |     3 |     7 |       ||    10
       Constrict         |     2 |     5 |     1 ||     8
       Punch             |     1 |       |       ||     1
       Staff             |       |    16 |     2 ||    18
Throw: Dart              |       |     1 |       ||     1
 Cast: Magic Dart        |    52 |    57 |       ||   109
       Searing Ray       |     2 |    12 |       ||    14
  Use: Scroll            |       |     7 |       ||     7
 Stab: Sleeping          |       |     2 |       ||     2
Armor: Skin              |     1 |     3 |       ||     4
Dodge: Dodged            |     3 |    40 |     1 ||    44
Block: Buckler           |     2 |    13 |       ||    15
